Map: Disco Bloodbath LE

Players

Slemp - Winner!

  • Race: Terran Terran
  • League: Diamond
  • Spawn Location: 3:00

A.I. 1 (Medium)

  • Race: Protoss Protoss
  • Spawn Location: 9:00

VOD

Have the link to the VOD?

Description

Time

  • Played on: Sept. 2, 2019, 6:41 a.m.
  • Length: 10:54
Show
View Real Time Build Order
Export as new Build Order

Slemp Terran - Winner!

Build Orders: Reaper Expand 

Get SALT Encoding   

  12  0:01  SCV  
  13  0:17  Supply Depot  
  13  0:18  SCV  
  14  0:30  SCV  
  15  0:41  Barracks  
  15  0:42  SCV  
  16  0:48  Refinery  
  16  0:54  SCV  
  17  1:06  SCV  
  19  1:18  SCV  
  19  1:30  Orbital Command  
  19  1:32  Reaper  
  20  1:41  Command Center  
  20  1:53  Barracks  
  20  1:57  SCV  
  21  2:04  Barracks Reactor  
  21  2:09  SCV  
  22  2:17  Supply Depot  
  22  2:21  SCV  
  23  2:24  Barracks  
  23  2:39  SCV  
  23  2:43  Marine x2  
  26  2:44  Barracks Tech Lab  
  26  2:51  SCV  
  26  2:52  Engineering Bay  
  26  2:56  Orbital Command  
  27  3:01  Marine x2  
  27  3:03  SCV  
  30  3:09  Stimpack  
  30  3:10  Marine  
  31  3:13  Barracks Tech Lab  
  31  3:16  SCV  
  31  3:19  Marine x2  
  33  3:24  SCV  
  34  3:28  SCV  
  34  3:31  Marine  
  34  3:32  Supply Depot, Marine  
  37  3:35  Terran Infantry Weapons Level 1  
  37  3:36  SCV  
  37  3:40  SCV  
  39  3:46  Supply Depot  
  39  3:48  Marine x2, SCV  
  40  3:51  Marine  
  40  3:52  Marine  
  44  3:57  SCV  
  44  4:00  Combat Shield  
  44  4:02  SCV  
  46  4:07  Supply Depot  
  46  4:09  SCV  
  47  4:10  Supply Depot  
  47  4:11  Marine x3  
  47  4:15  Marine  
  51  4:21  Refinery  
  51  4:22  SCV  
  51  4:23  Refinery, SCV  
  53  4:28  Marine  
  53  4:29  Marine  
  55  4:32  Marine  
  55  4:34  SCV, Marine  
  55  4:36  SCV  
  55  4:37  Supply Depot  
  59  4:42  Supply Depot  
  59  4:46  SCV  
  59  4:49  SCV  
  59  4:51  Marauder  
  59  4:52  Marauder  
  65  4:54  Marine  
  65  4:55  Marine  
  65  4:58  SCV  
  68  5:06  SCV  
  69  5:11  SCV  
  70  5:19  SCV  
  70  5:21  Marine x3  
  71  5:22  Marauder  
  71  5:23  SCV  
  71  5:26  Supply Depot  
  77  5:30  Concussive Shells, Command Center  
  77  5:33  SCV  
  77  5:35  SCV  
  79  5:37  Refinery  
  79  5:39  Marauder, Missile Turret  
  79  5:40  Marine  
  79  5:41  Marine  
  83  5:43  Marauder  
  79  6:01  Marine x2  
  79  6:02  Marauder  
  79  6:03  SCV x2  
  85  6:05  Marauder  
  85  6:10  Factory  
  87  6:12  Terran Infantry Armor Level 1  
  87  6:15  SCV x2  
  89  6:21  Marine x2  
  89  6:23  Marauder  
  93  6:26  Marauder  
  93  6:27  Supply Depot, SCV x2  
  97  6:36  Barracks  
  97  6:37  Barracks  
  97  6:39  SCV x2  
  99  6:44  Orbital Command  
  99  6:45  Marauder  
  101  6:47  Supply Depot, Marine x2  
  101  6:49  Marauder  
  101  6:51  SCV x2  
  107  6:56  Supply Depot  
  107  7:02  Armory  
  107  7:03  Factory Reactor, SCV x2  
  107  7:06  Marauder  
  107  7:08  Starport  
  111  7:09  Marine x2  
  111  7:10  Marauder  
  115  7:15  SCV  
  115  7:16  SCV  
  115  7:19  SCV  
  115  7:22  Supply Depot  
  118  7:24  Barracks Tech Lab, Supply Depot  
  118  7:25  Barracks Reactor  
  118  7:27  SCV  
  119  7:30  Engineering Bay  
  119  7:31  Orbital Command  
  116  7:38  Marauder, SCV, Marine x2  
  116  7:40  SCV  
  120  7:52  Marauder  
  120  7:53  Marauder  
  120  7:54  SCV x2  
  120  7:55  Marine x2  
  120  7:56  Refinery  
  128  7:59  Marauder  
  128  8:04  Supply Depot, Medivac  
  129  8:06  Supply Depot, SCV  
  129  8:09  SCV  
  129  8:10  Factory Tech Lab  
  129  8:12  Medivac  
  129  8:27  Marine x3  
  129  8:28  Marauder x3  
  129  8:29  SCV  
  129  8:34  Medivac  
  141  8:37  Supply Depot  
  141  8:39  Supply Depot, SCV  
  141  8:40  SCV  
  141  8:41  Refinery  
  143  8:42  Medivac, SCV  
  143  8:48  Starport  
  146  8:49  Marine x3  
  146  8:50  Marauder x2  
  146  8:51  Marauder  
  146  8:52  SCV x2  
  146  8:54  SCV  
  158  8:59  Marine  
  158  9:00  Factory Reactor  
  159  9:04  Supply Depot, SCV  
  159  9:06  Supply Depot  
  159  9:07  Marine  
  159  9:09  Fusion Core  
  161  9:12  Marauder x3  
  167  9:33  Marine x2  
  167  9:34  Marauder  
  171  9:40  Marauder x2, Marine x2  
  171  9:42  Medivac x2  
  181  9:50  Marine  
  182  9:53  Supply Depot  
  182  9:54  Supply Depot  
  182  9:55  Marauder  
  184  10:01  Marauder, Marine x3  
  184  10:02  Marauder  
  191  10:09  Barracks  
  191  10:14  Barracks  
  191  10:16  Marauder, Command Center  
  198  10:23  Marauder  
Show
View Real Time Build Order
Export as new Build Order

A.I. 1 (Medium) Protoss 

Build Orders: 1 Gate Expand 

Get SALT Encoding   

  12  0:00  Probe  
  13  0:13  Probe  
  14  0:19  Pylon  
  14  0:25  Probe  
  15  0:33  Probe  
  15  0:42  Probe  
  16  0:49  Gateway  
  17  1:09  Probe  
  17  1:10  Nexus  
  18  1:28  Pylon  
  18  1:31  Assimilator  
  18  1:37  Zealot  
  20  1:41  Cybernetics Core  
  20  1:42  Probe  
  21  1:54  Probe  
  22  2:04  Probe  
  22  2:05  Gateway  
  23  2:12  Assimilator  
  23  2:17  Probe  
  23  2:18  Stalker  
  23  2:21  Pylon  
  26  2:25  Probe  
  27  2:33  Probe  
  28  2:45  Warp Gate  
  28  2:48  Adept x2  
  32  3:00  Assimilator  
  32  3:11  Assimilator  
  32  3:18  Stalker  
  34  3:20  Probe  
  35  3:29  Probe  
  35  3:32  Stalker  
  38  3:35  Probe  
  38  3:38  Probe  
  40  3:48  Probe  
  41  3:50  Probe  
  41  3:51  Stalker  
  44  4:00  Pylon  
  44  4:02  Probe  
  45  4:04  Probe  
  46  4:10  Probe  
  46  4:11  Sentry  
  46  4:16  Probe  
  50  4:18  Probe  
  51  4:26  Probe  
  51  4:28  Pylon  
  52  4:31  Probe  
  52  4:33  Zealot  
  52  4:34  Probe  
  55  4:43  Probe  
  57  4:45  Probe  
  57  4:49  Pylon  
  57  4:52  Stalker  
  60  4:55  Probe  
  60  4:57  Probe  
  62  5:07  Probe  
  62  5:09  Probe  
  62  5:11  Stalker  
  62  5:14  Pylon  
  66  5:17  Probe  
  66  5:20  Probe  
  67  5:25  Probe  
  67  5:28  Probe  
  68  5:31  Forge, Stalker  
  68  5:34  Robotics Facility  
  72  5:40  Probe  
  72  5:41  Probe  
  73  5:43  Pylon  
  64  5:50  Stalker  
  64  5:53  Probe  
  64  5:56  Probe  
  40  6:05  Probe  
  40  6:08  Probe  
  40  6:09  Sentry  
  42  6:17  Probe  
  36  6:22  Observer  
  36  6:29  Zealot  
  37  6:33  Nexus  
  36  6:44  Observer  
  33  6:48  Stalker  
  33  7:05  Immortal  
  34  7:21  Zealot  
  36  7:28  Zealot  
  38  7:36  Zealot  
  31  7:46  Probe  
  31  7:48  Stalker  
  28  7:55  Zealot  
  21  8:11  Stalker  
  16  8:13  Probe  
  12  8:29  Probe  
  12  8:41  Probe  
  13  8:53  Probe  
  14  9:05  Probe  
  15  9:11  Stalker  
  17  9:17  Probe  
  17  9:19  Zealot  
  18  9:41  Probe  
  19  9:53  Probe  
  20  10:00  Stalker  
  20  10:05  Probe  
  23  10:07  Zealot  
  22  10:18  Probe  
  19  10:23  Stalker  
  8  10:36  Twilight Council  
  8  10:39  Probe  
Tags
 
Add a new tag
Caveats
  • Supply blocks, unpowered buildings, or Contaminate may cause inaccurate times.
  • Supply counts are checked every 10 seconds.